 Dungeon Crawl Stone Soup version 0.30-a0-883-g5ad918d77d (console) character file.

Game seed: 1860474580195942501

616 petzl the Sneak (level 7, 0/50 (52) HPs)
             Began as a Formicid Delver on Mar 17, 2023.
             Was a Follower of Vehumet.
             Slain by an ice beast (10 damage)
             ... on level 11 of the Dungeon.
             The game lasted 00:26:13 (5110 turns).

petzl the Sneak (Formicid Delver)                   Turns: 5110, Time: 00:26:14

HP:   0/50 (52)     AC:  0    Str: 16    XL:     7   Next: 73%
MP:   15/15         EV: 12    Int: 12    God:    Vehumet [*.....]
Gold: 235           SH:  0    Dex: 15    Spells: 16/17 levels left

rFire   . . .      SeeInvis +    a - +1 rapier (chaos)
rCold   . . .      Faith    .    (no shield)
rNeg    . . .      Spirit   .    (no body armour)
rPois   +          Reflect  .    (helmet unavailable)
rElec   .          Rampage  .    (no cloak)
rCorr   .                        (no gloves)
Will    .....                    (no boots)
Stlth   ++++                     (no amulet)
HPRegen 0.28/turn                h - ring of poison resistance
MPRegen 0.14/turn                (no ring)

@: lightly drained
A: permanent stasis, dig shafts and tunnels, antennae 3, four strong arms
a: Dig, Shaft Self, Renounce Religion


You were on level 11 of the Dungeon.
You worshipped Vehumet.
Vehumet was aware of your devotion.
You visited 1 branch of the dungeon, and saw 10 of its levels.

You collected 235 gold pieces.

Inventory:

Hand Weapons
 a - a +1 rapier of chaos (weapon)
 w - a +0 quarterstaff
 x - a +1 hand axe of freezing {!f =f}
Missiles
 k - 13 stones (quivered)
Armour
 m - a +1 leather armour of fire resistance
 o - a +2 robe of cold resistance
Jewellery
 h - a ring of poison resistance (left hand)
Wands
 j - a wand of polymorph (8)
Scrolls
 c - 2 scrolls of fog
 d - a scroll of magic mapping
 f - a scroll of noise {unknown}
 p - 2 scrolls of immolation
 r - a scroll of vulnerability
Potions
 b - a potion of mutation {unknown}
 e - a potion of cancellation {unknown}
 g - a potion of haste {unknown}
 i - a potion of invisibility {unknown}
 l - 2 potions of curing
 n - 2 potions of flight {unknown}
 q - a potion of lignification {unknown}
 s - a potion of magic {unknown}
 t - a potion of resistance
 u - a potion of heal wounds
 v - a potion of might {unknown}
 z - a potion of attraction {unknown}


   Skills:
 - Level 3.4 Fighting
 - Level 2.1 Maces & Flails
 - Level 2.0 Dodging
 + Level 7.3 Stealth
 + Level 5.6 Spellcasting
 + Level 1.2 Conjurations
 + Level 1.3 Fire Magic
 - Level 3.0 Evocations


You had 16 spell levels left.
You knew the following spells:

 Your Spells              Type           Power      Damage    Failure   Level
a - Foxfire               Conj/Fire      24%        2x1d5     12%         1

Your spell library contained the following spells:

 Spells                   Type           Power      Damage    Failure   Level
 Anguish                  Hex/Necr       1%         N/A       88%         4
 Cause Fear               Hex            1%         N/A       88%         4
 Leda's Liquefaction      Hex/Erth       1%         N/A       88%         4
 Lee's Rapid Deconstruct  Erth           1%         3d4*      99%         5
 Statue Form              Tmut/Erth      2%         N/A       100%        6
 Dragon Form              Tmut           1%         N/A       100%        7
 Enfeeble                 Hex            1%         N/A       100%        7
 Dragon's Call            Summ           1%         N/A       100%        9


Dungeon Overview and Level Annotations

Branches:
Dungeon (12/15)
 Temple: D:4-7         Lair: D:8-11         Orc: D:9-12

Altars:
Ashenzari
Cheibriados
Gozag
Qazlal
Sif Muna
Vehumet
Wu Jian
Xom

Shops:
D:3 *

Annotations:
D:4 exclusion: 2 downstairs
D:5 3 runed translucent doors, exclusion: 2 downstairs
D:6 exclusions: 2 downstairs, 4 sensed monsters (detected) and sky beast
D:7 exclusions: 2 downstairs and 3 sensed monsters (detected)
D:11 exclusion: downstairs
D:12 exclusion: sensed monster (detected)


Innate Abilities, Weirdness & Mutations

You cannot be hasted, slowed, berserked, paralysed or teleported.
You can dig through walls and to a lower floor.
You have a pair of large antennae on your head. (SInv)
Your four strong arms can wield two-handed weapons with a shield.


Message History

Unknown command.
Okay, then.
Unknown command.
Unknown command.
Aiming: Polymorph
Press: ? - help, Shift-Dir - straight line, f - kobold brigand
Aim: a kobold brigand, wielding a +0 dagger and quivering poisoned darts (asleep, will become a killer bee, a rat, or an ice beast, chance to affect: 56%)
The kobold brigand shouts!
The kobold brigand resists with significant effort.
Aiming: Polymorph
Press: ? - help, Shift-Dir - straight line, f/p - kobold brigand
Aim: a kobold brigand, wielding a +0 dagger and quivering poisoned darts (will become a killer bee, a rat, or an ice beast, chance to affect: 56%)
The kobold brigand evaporates and reforms as an ice beast!
A kobold comes into view. It is wielding a +0 dagger.
A kobold comes into view.
It is wielding a +0 short sword and quivering poisoned darts.
The slime creature quivers.
Okay, then.
You start removing your armour.
You continue taking off your +1 leather armour of fire resistance. x4
The ice beast hits you. The ice beast freezes you!
You finish taking off your +1 leather armour of fire resistance.
You feel less resistant to fire.
Unknown command.
Keep equipping yourself?
The ice beast closely misses you.
You start putting on your armour.
You continue putting on your +2 robe of cold resistance.
The ice beast hits you. The ice beast freezes you!
You continue putting on your +2 robe of cold resistance.
The ice beast barely misses you.
You continue putting on your +2 robe of cold resistance.
The kobold shouts! x2
The ice beast hits you. The ice beast freezes you!
* * * LOW HITPOINT WARNING * * *
The kobold shouts!
You continue putting on your +2 robe of cold resistance.
The ice beast hits you.
* * * LOW HITPOINT WARNING * * *
The ice beast freezes you!
You die...

...... )..... ......
...... ...... ......
......
####################
................K..#
.............KK.Y@.#
##################.#
#.#
##################.#
...................#
..>................#
##################.#
#.# #.# #.# #.# { .#


You could see an ice beast and 3 kobolds.

Vanquished Creatures
  Grinder (D:3)
  A black bear (D:4)
  A scorpion (D:5)
  An orc priest (D:8)
  A hound (D:5)
  An iguana (D:5)
  2 orc wizards (D:3)
  8 adders
  An ufetubus (D:4)
  A dart slug (D:5)
  7 orcs
  6 endoplasms
  3 giant cockroaches
  6 hobgoblins
  4 kobolds
  A quokka (D:1)
  9 ball pythons
  A bat (D:2)
  3 frilled lizards
  5 goblins
  5 rats
68 creatures vanquished.

Vanquished Creatures (others)
  9 fungi (D:8)
  27 plants
36 creatures vanquished.

Grand Total: 104 creatures vanquished

Notes
Turn   | Place    | Note
-------+----------+-------------------------------------------
     0 | D:5      | petzl the Formicid Delver began the quest for the Orb.
     0 | D:5      | Reached XP level 1. HP: 18/18 MP: 1/1
     6 | D:6      | Noticed a bullfrog
    16 | D:6      | You fall into a shaft and drop 1 floor!
    16 | D:7      | Found an opulent altar of Gozag.
    66 | D:7      | Noticed an iguana
    74 | D:8      | Noticed a scorpion
    74 | D:8      | Noticed an orc wizard
    74 | D:8      | Noticed a bullfrog
    80 | D:7      | Noticed a phantom
   108 | D:6      | Noticed a howler monkey
   146 | D:6      | Noticed a howler monkey
   158 | D:6      | Noticed an ice beast
   158 | D:6      | Noticed a sleepcap
   163 | D:6      | You fall into a shaft and drop 1 floor!
   163 | D:7      | Found a stormy altar of Qazlal.
   171 | D:8      | Noticed a jelly
   174 | D:8      | Noticed a scorpion
   174 | D:8      | Noticed a scorpion
   226 | D:7      | Noticed an orc priest
   226 | D:7      | Noticed an orc warrior
   271 | D:6      | Noticed a scorpion
   529 | D:4      | Noticed a black bear
   705 | D:1      | Reached XP level 2. HP: 22/24 MP: 2/2
   880 | D:1      | Reached skill level 1 in Spellcasting
  1401 | D:2      | Reached XP level 3. HP: 23/29 MP: 3/5
  1447 | D:1      | You fall into a shaft and drop 1 floor!
  1550 | D:1      | You fall into a shaft and drop 1 floor!
  1648 | D:1      | You fall into a shaft and drop 1 floor!
  1673 | D:3      | Found a radiant altar of Vehumet.
  1709 | D:3      | Became a worshipper of Vehumet
  1822 | D:3      | Found Foirisch's General Store.
  1971 | D:2      | Reached XP level 4. HP: 33/35 MP: 6/8
  2091 | D:2      | You fall into a shaft and drop 1 floor!
  2428 | D:3      | Noticed Grinder
  2432 | D:3      | You fall into a shaft and drop 2 floors!
  2566 | D:5      | Reached XP level 5. HP: 19/41 MP: 10/10
  2656 | D:5      | Noticed an ice beast
  2882 | D:3      | Found a shimmering blue altar of Sif Muna.
  3027 | D:3      | HP: 2/41 [Grinder (9)]
  3028 | D:3      | You fall into a shaft and drop 1 floor!
  3368 | D:3      | HP: 2/41 [Grinder (6)]
  3369 | D:3      | You fall into a shaft and drop 3 floors!
  3522 | D:6      | Noticed a sky beast
  3678 | D:3      | Killed Grinder
  3679 | D:3      | Reached skill level 5 in Spellcasting
  3679 | D:3      | Reached XP level 6. HP: 44/47 MP: 13/13
  3679 | D:3      | Reached XP level 7. HP: 49/52 MP: 14/14
  3932 | D:4      | Reached * piety under Vehumet
  3932 | D:4      | Offered knowledge of Foxfire by Vehumet.
  3935 | D:4      | Learned a level 1 spell: Foxfire
  4062 | D:4      | Reached skill level 7 in Stealth
  4234 | D:4      | Found a radiant altar of Vehumet.
  4236 | D:4      | Found a shimmering altar of Xom.
  4236 | D:4      | Found a snail-covered altar of Cheibriados.
  4238 | D:4      | Found an ornate altar of the Wu Jian Council.
  4238 | D:4      | Found a broken altar of Ashenzari.
  4238 | D:4      | Found a broken altar of Ashenzari.
  4445 | D:5      | Reached skill level 1 in Fire Magic
  4483 | D:5      | Reached skill level 1 in Conjurations
  4615 | D:5      | You fall into a shaft and drop 3 floors!
  4850 | D:8      | You fall into a shaft and drop 3 floors!
  5011 | D:12     | Noticed a skeletal warrior
  5011 | D:12     | Noticed a skeletal warrior
  5073 | D:11     | Noticed a slime creature
  5073 | D:11     | Noticed a slime creature
  5110 | D:11     | Slain by an ice beast

Illustrated notes

Levels and vault maps discovered:
D:1:      dpeg_arrival_long_road, layout_loops_ring,
          chequers_serial_rivers_micro_c
D:2:      layout_rooms, minmay_fractal_squares_gapless_5
D:3:      layout_loops_ring, vehumet_altar_wand_db, kennysheep_orc_sif_temple,
          serial_shops, nicolae_diamond_shop, uniq_grinder
D:4:      layout_cave_pools, doesnt_xom_only_xom, kennysheep_doodads
D:5:      minmay_angry_zag, layout_gridville, nicolae_overflow_crystal_walls,
          minmay_temple_entry_mist, serial_shops, kennysheep_mini_moat,
          gammafunk_ghost_nasty_kobolds, grunt_ministairs_2
D:6:      layout_basic, serial_shops, shop, minmay_crystal_water,
          serial_bayou_pond_e, minmay_misc_feat_tower, st_stairs_13,
          nrook_mini_vaults, uniq_menkaure
D:7:      layout_loops_cross, nicolae_qazlal_general_emergency,
          nicolae_overflow_quartered_altars, feat_on_display
D:8:      layout_rooms, grunt_lair_entry_orc_guard_hut, serial_glass,
          glass_columns_a, glass_columns_c, gammafunk_ghost_grave, uniq_pikel
D:11:     gammafunk_jiyva_shrine, layout_long_grid, zombieorc1_lemuel,
          uniq_sonja, uniq_snorg
D:12:     layout_basic

Skill      XL: |  1  2  3  4  5  6  7 |
---------------+----------------------+-----
Dodging        | 2 |  2.0
Spellcasting   | 1 2 3 5 |  5.6
Evocations     | 2 3 |  3.0
Stealth        | 7 |  7.3
Fire Magic     | 1 |  1.3
Conjurations   | 1 |  1.2
Fighting       | |  3.4
Maces & Flails | |  2.1

Action                     |  1- 3 |  4- 6 |  7- 9 || total
---------------------------+-------+-------+-------++-------
  Melee: Mace              |    77 |       |       ||    77
         Quarterstaff      |     9 |    19 |       ||    28
         Punch             |     1 |       |     1 ||     2
         Hand axe          |       |    32 |       ||    32
         Rapier            |       |    29 |    87 ||   116
  Throw: Stone             |       |     9 |    12 ||    21
Ability: Shaft Self        |     5 |     4 |     2 ||    11
         Dig               |       |       |     1 ||     1
  Evoke: Wand              |     2 |    16 |     2 ||    20
    Use: Scroll            |     2 |     5 |     2 ||     9
         Potion            |       |     3 |     1 ||     4
   Stab: Sleeping          |     7 |     5 |     2 ||    14
         Distracted        |     1 |       |       ||     1
 Armour: Leather armour    |    28 |    20 |    24 ||    72
  Dodge: Dodged            |    72 |    39 |    45 ||   156

Table legend: (Time is in decaauts)
 A = Elapsed time spent in this place.
 B = Non-inter-level travel time spent in this place.
 C = Inter-level travel time spent in this place.
 D = Time resting spent in this place.
 E = Time spent auto-exploring this place.
 F = Levels seen in this place.
 G = Mean time per level.
                   A        B        C        D        E       F      G
               +--------+--------+--------+--------+--------+-----+--------+
         Total |   5177 |   4998 |    179 |   1318 |   1742 |  10 |  517.7 |
       Dungeon |   5177 |   4998 |    179 |   1318 |   1742 |  10 |  517.7 |
               +--------+--------+--------+--------+--------+-----+--------+

Top non-repeatable levels by time:
     D:3: 1066 daAuts
     D:4: 893 daAuts
     D:2: 781 daAuts
     D:1: 733 daAuts
     D:5: 589 daAuts
     D:6: 467 daAuts
     D:8: 246 daAuts
    D:11: 221 daAuts
     D:7: 138 daAuts
    D:12: 38 daAuts
